cohdb
Replays
Latest Replays
All Replays
Popular Replays
Top Player Replays
Match Explorer
How It Works
Community
CoH3 Stats
Reddit
Sign in to upload your games and track your stats! →
Sign in with Steam
Match 43758694
Unlisted
Match 43758694
Overview
Messages
Build Orders
End
Construct Infanterie Kompanie
Selects Breakthrough Battlegroup
Selects Assault Grenadiers
MG 42 Machine Gun Team
Grenadier Squad
Grenadier Squad
GrW 34 Mortar Team
Medical Station
Construct Panzergrenadier Kompanie
Panzergrenadier Squad
Support Elements
StuG III G Assault Gun
Nebelwerfer 42 Rocket Launcher Team
Pioneer Squad
Selects Rapid Production
Selects Blitzkrieg
Construct Panzer Kompanie
Nebelwerfer 42 Rocket Launcher Team
Pak 40 Anti-tank Gun Team
Panzer IV Medium Tank
Stoßtruppen Squad
Pioneer Squad
tio deportista
Gremchick
Граф Гематоген
pedro-gamer1234
dinamix.fr
seb
SpaceWolf223
gamesis909
0
0
Comments
sign in to comment!
No comments posted yet!